Map: Dusk Towers

Players

Fropez

  • Race: Protoss Protoss
  • League: Silver
  • Spawn Location: 1:00

Infinite - Winner!

  • Race: Terran Terran
  • Spawn Location: 7:00

VOD

Have the link to the VOD?

Description

Time

  • Played on: May 24, 2016, 1:57 p.m.
  • Length: 11:55
Show
View Real Time Build Order
Export as new Build Order

Fropez Protoss 

Build Orders:  

Get SALT Encoding   

  12  0:01  Probe (Chrono Boost)  
  13  0:16  Pylon  
  13  0:18  Probe (Chrono Boost)  
  14  0:28  Probe (Chrono Boost)  
  15  0:37  Gateway  
  15  0:39  Probe (Chrono Boost)  
  16  0:46  Assimilator  
  17  0:50  Probe (Chrono Boost)  
  17  0:57  Pylon  
  17  1:00  Probe (Chrono Boost)  
  18  1:11  Probe (Chrono Boost)  
  19  1:21  Probe (Chrono Boost)  
  19  1:23  Assimilator  
  20  1:26  Cybernetics Core  
  20  1:32  Probe (Chrono Boost)  
  21  1:42  Probe (Chrono Boost)  
  21  1:46  Pylon  
  22  1:53  Probe (Chrono Boost)  
  23  1:57  Gateway  
  23  2:03  Adept  
  23  2:07  Mothership Core (Chrono Boost)  
  23  2:08  Warp Gate (Chrono Boost)  
  27  2:25  Probe (Chrono Boost)  
  28  2:30  Adept  
  28  2:36  Probe (Chrono Boost)  
  30  2:45  Adept  
  30  2:46  Probe (Chrono Boost)  
  33  2:57  Probe (Chrono Boost)  
  34  3:10  Probe  
  35  3:13  Nexus  
  35  3:15  Pylon  
  35  3:21  Stalker  
  35  3:22  Probe  
  38  3:31  Stalker  
  38  3:45  Probe  
  39  3:48  Assimilator  
  39  3:53  Pylon, Assimilator  
  39  3:57  Probe (Chrono Boost)  
  39  4:00  Twilight Council  
  40  4:09  Probe (Chrono Boost)  
  41  4:20  Probe (Chrono Boost)  
  42  4:28  Probe (Chrono Boost)  
  43  4:32  Stalker x2  
  40  5:10  Blink (Chrono Boost)  
  36  5:21  Pylon  
  34  5:33  Gateway  
  32  5:37  Gateway  
  32  5:40  Gateway  
  32  5:41  Probe x2 (Chrono Boost)  
  32  5:42  Gateway  
  34  5:45  Gateway  
  34  5:47  Pylon  
  34  5:50  Pylon  
  34  5:53  Pylon  
  34  5:55  Probe x2  
  36  5:57  Forge  
  36  6:04  Pylon  
  36  6:36  Protoss Ground Weapons Level 1 (Chrono Boost)  
  36  6:41  Stalker  
  36  6:42  Stalker x4  
  46  7:09  Stalker x4  
  46  7:10  Stalker  
  49  7:34  Stalker x2  
  49  7:35  Stalker x3  
  24  7:59  Stalker x4  
  28  8:25  Stalker x2  
  28  8:26  Probe  
  33  8:27  Probe  
  34  8:40  Probe  
  34  8:41  Probe  
  36  8:52  Probe  
  36  8:53  Probe  
  38  8:56  Stalker  
  40  9:05  Sentry x3  
  46  9:24  Stalker  
  46  9:28  Probe  
  46  9:29  Probe  
  46  9:30  Stalker x2  
  54  9:40  Probe  
  54  9:41  Probe  
  56  9:50  Templar Archives  
  56  9:52  Probe  
  57  9:57  Protoss Ground Weapons Level 2 (Chrono Boost)  
  57  10:01  Probe  
  58  10:08  Stalker x2  
  58  10:12  Stalker  
  64  10:29  Pylon  
  64  10:32  High Templar x3  
  70  10:36  High Templar  
  70  10:38  Archon  
  70  10:40  Archon  
  70  10:41  Pylon  
  72  10:43  Probe x2  
  74  10:55  Probe  
  74  10:56  Probe, Photon Cannon  
  76  11:07  Probe  
  76  11:08  Probe  
  78  11:14  Gateway  
  78  11:19  Probe  
  78  11:20  Probe  
Show
View Real Time Build Order
Export as new Build Order

Infinite Terran - Winner!

Build Orders: Command Center First (CC), MMM Bio 

Get SALT Encoding   

  12  0:01  SCV  
  13  0:13  SCV  
  14  0:18  Supply Depot  
  14  0:25  SCV  
  15  0:39  SCV  
  16  0:51  SCV  
  17  1:03  Command Center  
  17  1:04  SCV  
  18  1:15  Barracks  
  18  1:19  SCV  
  19  1:30  Barracks  
  19  1:33  SCV  
  20  1:45  Barracks  
  20  1:46  SCV  
  21  1:52  Refinery  
  21  1:58  SCV  
  22  2:05  Marine  
  23  2:10  Orbital Command  
  23  2:18  Orbital Command  
  23  2:27  Refinery  
  23  2:28  Marine x2  
  25  2:33  Marine  
  26  2:39  SCV  
  26  2:42  Supply Depot  
  27  2:46  SCV  
  28  2:52  Marine x2  
  28  2:53  Marine  
  28  2:56  SCV  
  32  3:00  SCV  
  33  3:08  SCV  
  33  3:09  Marine x2  
  33  3:11  Marine  
  38  3:12  SCV  
  37  3:27  Marine x2  
  37  3:28  Marine  
  37  3:30  SCV  
  37  3:31  SCV, Factory  
  42  3:43  SCV x2, Supply Depot  
  42  3:47  Barracks Reactor  
  42  3:48  Barracks Reactor, Barracks Tech Lab  
  44  3:55  SCV  
  45  4:03  SCV  
  45  4:05  Supply Depot  
  45  4:07  SCV  
  47  4:13  Refinery  
  47  4:15  SCV  
  48  4:17  Stimpack  
  48  4:18  Marauder  
  48  4:20  Factory Reactor, Starport  
  50  4:26  Marine x2  
  50  4:27  Marine x2  
  54  4:32  Supply Depot  
  52  4:54  Supply Depot  
  52  5:02  Marine x4, Marauder  
  53  5:16  Supply Depot  
  52  5:21  Marine x4  
  52  5:22  Starport Reactor  
  52  5:24  Marauder  
  56  5:35  Command Center  
  54  5:36  SCV x2  
  54  5:39  Engineering Bay  
  54  5:40  Engineering Bay  
  56  5:47  Medivac x2  
  56  5:48  SCV  
  61  5:50  Marine x2  
  61  5:51  Marine x2, Marauder, Armory  
  61  5:55  SCV  
  68  6:00  SCV  
  68  6:02  Barracks  
  69  6:05  Barracks  
  69  6:06  Supply Depot  
  69  6:07  Supply Depot  
  69  6:10  Supply Depot  
  69  6:17  Combat Shields  
  69  6:35  Marine x2, Marauder  
  69  6:36  Marine x2, Medivac x2  
  79  6:42  Engineering Bay  
  79  6:53  Terran Infantry Weapons Level 1, Terran Infantry Armor Level 1  
  79  7:01  Refinery  
  68  7:42  Medivac x2  
  68  7:45  Marine x4, Marauder  
  70  8:03  Marine x2  
  72  8:07  Marauder  
  72  8:12  Medivac  
  71  8:23  Barracks Reactor  
  71  8:25  Barracks Tech Lab  
  71  8:27  Barracks  
  71  8:33  Command Center  
  71  8:34  Barracks, Medivac  
  73  8:42  Medivac  
  73  8:44  Concussive Shells  
  73  8:46  Terran Infantry Weapons Level 2  
  73  8:47  Terran Infantry Armor Level 2  
  75  8:50  Marauder  
  75  8:51  Marine x4, Marauder  
  83  8:55  Supply Depot  
  83  8:58  Supply Depot  
  83  9:01  SCV x2  
  85  9:03  Planetary Fortress  
  85  9:08  Marine  
  85  9:09  Marine x3  
  89  9:11  Marine  
  89  9:13  SCV x2  
  92  9:24  Barracks Reactor  
  92  9:25  Barracks Reactor  
  92  9:30  SCV x2  
  94  9:33  Medivac x2  
  94  9:37  Marine, Marauder x2  
  94  9:38  Marine  
  104  9:39  Marine  
  104  9:41  Marine  
  104  9:42  Marine, SCV x2  
  109  9:49  Refinery  
  109  9:51  SCV  
  110  9:54  SCV x2  
  110  9:56  SCV  
  113  10:03  Medivac  
  113  10:04  SCV  
  113  10:06  Medivac  
  118  10:11  Marine x4, Marauder x2  
  118  10:13  Marine  
  118  10:14  Marine  
  128  10:15  Marine  
  128  10:19  Missile Turret  
  129  10:21  SCV x2  
  129  10:22  SCV  
  129  10:24  SCV  
  133  10:28  Refinery  
  133  10:33  Marine, SCV, Marauder x2  
  133  10:34  Marine  
  140  10:40  Supply Depot  
  140  10:42  Supply Depot  
  140  10:45  Supply Depot  
  140  10:48  Supply Depot  
  140  10:52  Marine  
  140  10:53  Marine  
  140  10:55  Marauder x2  
  146  11:11  Marine x6  
  147  11:12  Marine x4  
  147  11:16  Marauder x2  
  160  11:25  Supply Depot  
  160  11:26  Supply Depot  
  160  11:28  Marine  
  160  11:29  Marine x4  
Tags
 
Composition
MMM Bio
League
Silver
Matchup
PvT
Replay Pack
All Mines
Spawn Locations
Cross Positions
Add a new tag
Caveats
  • Supply blocks, unpowered buildings, or Contaminate may cause inaccurate times.
  • Supply counts are checked every 10 seconds.